 Dungeon Crawl Stone Soup version 0.23-a0-417-gf02c810 (webtiles) character file.

84 Tooki the Magician (level 4, -3/24 HPs)
             Began as a Deep Elf Wizard on Nov 11, 2018.
             Slain by an orc
             ... wielding a +0 flail
              (5 damage)
             ... on level 4 of the Dungeon.
             The game lasted 00:04:33 (2147 turns).

Tooki the Magician (Deep Elf Wizard)                Turns: 2147, Time: 00:04:33

Health: -3/24      AC:  5    Str:  1 (4)  XL:     4   Next: 23%
Magic:  5/15       EV: 12    Int: 26 (29) God:
Gold:   82         SH:  0    Dex: 10 (13) Spells: 4/17 levels left

rFire    . . .     SeeInvis .   (no weapon)
rCold    . . .     Gourm    .   (no shield)
rNeg     . . .     Faith    .   a - +0 robe
rPois    .         Spirit   .   b - +0 hat
rElec    .         Reflect  .   n - +2 cloak
rCorr    .         Harm     .   (no gloves)
MR       .....                  (no boots)
Stlth    ++........             (no amulet)
HPRegen  0.08/turn              (no ring)
MPRegen  0.14/turn              (no ring)

@: brilliant
A: no striking features
a: no special abilities


You were on level 4 of the Dungeon.
You were hungry.

You visited 1 branch of the dungeon, and saw 4 of its levels.

You collected 82 gold pieces.

Inventory:

Armour
 a - a +0 robe (worn)
 b - a +0 hat (worn)
 e - a +0 buckler
 n - a +2 cloak (worn)
Jewellery
 k - a +2 amulet of reflection {unknown}
 l - an uncursed ring of positive energy {unknown}
Scrolls
 h - a scroll of enchant armour {unknown}
 i - 2 scrolls of amnesia {unknown}
 j - a scroll of identify {unknown}
 m - a scroll of fear {unknown}
Potions
 g - a potion of heal wounds {unknown}
 o - a potion of ambrosia {unknown}
Comestibles
 d - 7 rations


   Skills:
 - Level 2.4 Dodging
 - Level 2.4 Stealth
 + Level 7.0 Spellcasting
 - Level 1.1 Conjurations
 - Level 1.1 Summonings
 - Level 1.1 Translocations


You had 4 spell levels left.
You knew the following spells:

 Your Spells              Type           Power        Failure   Level  Hunger
a - Magic Dart            Conj           ####         1%          1    None
b - Blink                 Tloc           N/A          1%          2    None
c - Call Imp              Summ           ####....     1%          2    None
d - Slow                  Hex            ###.....     1%          2    None
e - Conjure Flame         Conj/Fire      ####....     1%          3    None
f - Mephitic Cloud        Conj/Pois/Air  ####....     1%          3    None

Your spell library contained the following spells:

 Spells                   Type           Power        Failure   Level  Hunger


Dungeon Overview and Level Annotations

Branches:
Dungeon (4/15)
 Temple: D:4-7

Altars:


Message History

An orc comes into view.
It is wielding a +0 flail and wearing a +2 leather
Found a stone staircase leading up.
An orc comes into view. It is wielding a +0 dagger.
An orc comes into view. It is wielding a +0 short sword.
The orc barely misses you.
The orc shouts! x2
The orc closely misses you.
The orc shouts!
The worker ant bites you.
* * * LOW HITPOINT WARNING * * *
An adder skeleton comes into view.
The adder skeleton moves out of view.
There is a stone staircase leading up here.
Unknown command.
It was a potion of brilliance.
You feel clever all of a sudden. The worker ant bites you.
* * * LOW HITPOINT WARNING * * *
The orc hits you with a +0 flail.
You die...

..##............##
..............###
.....o#...#..##
.........####
.##.o....#
######o....##
#.....oo##.#
......oa.###
#......@..#
#....##..## #..##
#..# #. ...# .
...# #...# ....#
...##


You could see a worker ant and 6 orcs.

Vanquished Creatures
  2 gnolls (D:2)
  An adder (D:2)
  An ooze (D:1)
  A dart slug (D:1)
  A leopard gecko (D:1)
  8 bats
  3 giant cockroaches (D:1)
  2 goblins (D:1)
  6 hobgoblins
  A jackal (D:2)
  4 kobolds (D:1)
  A quokka (D:2)
  2 frilled lizards
  2 rats
35 creatures vanquished.

Vanquished Creatures (collateral kills)
  2 adders (D:2)
  A dart slug (D:2)
  2 bats (D:2)
  A goblin (D:2)
  3 jackals (D:2)
  A quokka (D:2)
  A rat (D:2)
11 creatures vanquished.

Grand Total: 46 creatures vanquished

Notes
Turn   | Place    | Note
-------+----------+-------------------------------------------
     0 | D:1      | Tooki the Deep Elf Wizard began the quest for the Orb.
     0 | D:1      | Reached XP level 1. HP: 10/10 MP: 7/7
   511 | D:1      | Reached skill level 5 in Spellcasting
   558 | D:1      | Reached XP level 2. HP: 15/15 MP: 7/10
   842 | D:1      | Learned a level 2 spell: Blink
   845 | D:1      | Learned a level 2 spell: Call Imp
   848 | D:1      | Learned a level 2 spell: Slow
   932 | D:1      | Reached XP level 3. HP: 19/19 MP: 7/12
   968 | D:1      | Reached skill level 6 in Spellcasting
  1557 | D:2      | Learned a level 3 spell: Conjure Flame
  1561 | D:2      | Learned a level 3 spell: Mephitic Cloud
  1818 | D:2      | Reached XP level 4. HP: 9/24 MP: 4/14
  2101 | D:2      | Reached skill level 7 in Spellcasting
  2147 | D:4      | Slain by an orc

Vault maps used:
D:1:      dpeg_arrival_solitude
D:2:      nemelex_lonely_heart_becter
D:3:      fedhas_altar_fruit_tree, lemuel_round_altar, kennysheep_boxes
D:4:      minmay_temple_entry_overgrown, serial_shops, nicolae_shop_crystal

Skill      XL: |  1  2  3  4 |
---------------+-------------+-----
Spellcasting   | 5 6 7 |  7.0
Dodging        | |  2.4
Stealth        | |  2.4
Conjurations   | |  1.1
Summonings     | |  1.1
Translocations | |  1.1

Action                   |  1- 3 |  4- 6 || total
-------------------------+-------+-------++-------
Melee: Unarmed           |       |     1 ||     1
 Cast: Magic Dart        |    94 |     8 ||   102
       Call Imp          |     7 |       ||     7
       Conjure Flame     |     1 |     2 ||     3
       Mephitic Cloud    |       |     1 ||     1
  Use: Potion            |       |     2 ||     2
  Eat: Chunk             |     3 |       ||     3
Armor: Robe              |     9 |     6 ||    15
Dodge: Dodged            |    18 |    19 ||    37

Table legend:
 A = Non-vault XP
 B = Vault XP
 C = Vault XP percentage of total XP
 D = Non-vault monster count
 E = Vault monster count
 F = Vault count percentage of total count
                 A         B        C        D         E       F
            +---------+---------+-------+---------+---------+-------
      Total |     120 |       0 |   0.0 |      46 |       0 |   0.0
            +---------+---------+-------+---------+---------+-------
        D:1 |      51 |       0 |   0.0 |      24 |       0 |   0.0
        D:2 |      69 |       0 |   0.0 |      22 |       0 |   0.0
            +---------+---------+-------+---------+---------+-------
